 Dungeon Crawl Stone Soup version 0.20.1-1-g8b1a95d (webtiles) character file.

95 Oilrag the Shooter (level 4, -2/34 HPs)
             Began as a Human Hunter on July 6, 2017.
             Slain by Sigmund
             ... wielding a +0 scythe
              (8 damage)
             ... on level 2 of the Dungeon.
             The game lasted 00:30:14 (2291 turns).

Oilrag the Shooter (Human Hunter)                   Turns: 2291, Time: 00:30:14

Health: -2/34      AC:  6    Str: 13    XL:     4   Next: 95%
Magic:  4/4        EV: 11    Int: 12    God:
Gold:   101        SH:  0    Dex: 13    Spells: 3/3 levels left

rFire    . . .     SeeInvis .   a - +1 shortbow
rCold    . . .     Gourm    .   (shield currently unavailable)
rNeg     . . .     Faith    .   q - +0 ring mail
rPois    .         Spirit   .   K - +0 helmet
rElec    .         Reflect  .   (no cloak)
rCorr    .         Harm     .   (no gloves)
MR       .....                  (no boots)
Stlth    ..........             (no amulet)
Regen    0.2/turn               (no ring)
MPRegen  0.1/turn               (no ring)

@: confused
A: no striking features
a: no special abilities


You were on level 2 of the Dungeon.
You were very full.

You visited 1 branch of the dungeon, and saw 2 of its levels.

You collected 101 gold pieces.

Inventory:

Hand Weapons
 a - a +1 shortbow (weapon)
 b - a +0 short sword
 f - a +0 dagger
 g - a +0 club
 j - a +0 club
 l - a +0 club
 o - a +0 club
 r - a +0 club
 u - a +0 hand axe
 v - a +0 club
 w - a +0 mace
 y - a +0 club
 z - a +0 short sword
 A - a cursed -3 club
 E - a +0 club
 F - a +0 flail
 G - a +0 dagger
 H - a +0 club
 I - a +0 club
 L - a +0 club
 M - a +0 dagger
 N - a +0 dagger
 O - a +0 club
 P - a +0 dagger
 Q - a +0 dagger
 S - a +0 club
 U - a +0 club
 V - a +0 club
Missiles
 d - 22 arrows (quivered)
 m - 63 stones
Armour
 c - a +0 leather armour
 h - a +0 leather armour
 k - a +0 helmet
 q - a +0 ring mail (worn)
 D - a +0 leather armour
 J - a +0 animal skin
 K - a +0 helmet (worn)
Jewellery
 T - a cursed -3 ring of protection {unknown}
Scrolls
 i - 2 scrolls of remove curse
 t - a scroll of identify {unknown}
 x - a scroll of teleportation {unknown}
Potions
 e - a potion of curing {unknown}
 p - 4 potions of flight {unknown}
 s - a potion of degeneration {unknown}
 B - a potion of might {unknown}
 C - a potion of heal wounds {unknown}


   Skills:
 + Level 2.5 Fighting
 + Level 0.2 Short Blades
 + Level 5.4 Bows
 + Level 0.8 Armour
 + Level 2.0 Dodging
 + Level 1.0 Stealth


You had 3 spell levels left.
You didn't know any spells.

Dungeon Overview and Level Annotations

Branches:
Dungeon (2/15)

Altars:
Fedhas

Annotations:
D:2 Sigmund, Terence


Message History

You are more confused.
Terence hits you with a mace.
A magic dart appears from out of thin air!
The magic dart hits you! Terence hits you with a mace.
A magic dart appears from out of thin air!
The magic dart hits you!
You bump into the rock wall.
Terence completely misses you.
You bump into the rock wall.
Terence closely misses you. Something hits you.
You clumsily bash Terence but do no damage.
Terence is severely wounded.
Terence closely misses you. Something hits you!
* * * LOW HITPOINT WARNING * * *
Terence closely misses you.
You feel less confused.
You hear some strange, mumbled words.
You are confused.
Something hits you!
You die...

.###...................#.....
..((...........##..#...#.....
#..........###.##........
#............#..#...#..#.
##............##.#...#..#. ..
#.............##.....#..#. ..
#....##.@.....###...#.....
..# #....##.......#
#...#...#. ..#
#....##..@....# #.#.#...#.
..# #....##.......# #.......#
..#
#....##.......###..###..#.
..#
+....''.......'...........
...
#....##.......####.###..#.
..# #.... #.......# #..# #
..# #.... #.......# ##.# ..#
#.... ######### .. #.# ###..
#.#


You could see Terence.

Vanquished Creatures
  Robin (D:1)
  2 adders (D:2)
  A worm (D:2)
  2 dart slugs
  3 leopard geckos
  A giant cockroach (D:2)
  17 goblins
  7 hobgoblins
  5 kobolds
  A ball python (D:1)
  5 bats
  2 frilled lizards (D:1)
  5 rats
52 creatures vanquished.

Notes
Turn   | Place    | Note
-------+----------+-------------------------------------------
     0 | D:1      | Oilrag the Human Hunter began the quest for the Orb.
     0 | D:1      | Reached XP level 1. HP: 16/16 MP: 1/1
   244 | D:1      | Reached XP level 2. HP: 22/22 MP: 2/2
   781 | D:1      | Reached XP level 3. HP: 16/27 MP: 3/3
  1371 | D:2      | Reached skill level 5 in Bows
  1371 | D:2      | Reached XP level 4. HP: 30/33 MP: 4/4
  1432 | D:2      | Found a blossoming altar of Fedhas.
  1545 | D:2      | Found a faded altar of an unknown god.
  1688 | D:2      | Noticed Robin
  1859 | D:1      | Killed Robin
  2266 | D:2      | Noticed Terence
  2267 | D:2      | Noticed Sigmund
  2291 | D:2      | Slain by Sigmund

Skill      XL: |  1  2  3 |
---------------+----------+-----
Bows           | 5 |  5.4
Fighting       | |  2.5
Short Blades   | |  0.2
Armour         | |  0.8
Dodging        | |  2.0
Stealth        | |  1.0

Action                   |  1- 3 |  4- 6 || total
-------------------------+-------+-------++-------
Melee: Short sword       |       |    66 ||    66
       Shortbow          |       |     1 ||     1
 Fire: Shortbow          |    68 |    38 ||   106
  Use: Scroll            |     3 |       ||     3
  Eat: Meat ration       |     1 |       ||     1
       Bread ration      |       |     1 ||     1
       Fruit             |       |     1 ||     1
Armor: Ring mail         |    10 |    38 ||    48
Dodge: Dodged            |    11 |    79 ||    90
